AoeStats
← Chaac1706

Arabia

507388106Analyzed
1v1 RM · 16d ago on Sep 18, 2026· 72m 6s· 2 players
Game mode
Random Map
Map size
Tiny (2 player)
Population
200
Speed
Normal
Resources
Standard
Victory
Conquest
Starting age
Dark Age
Ending age
Imperial Age
RankedLock teamsTeams togetherTeam positionsShared explorationLock speedFull tech treeHidden civsTurbo modeCheats
Victory
Defeat
🇺🇸 Jurchens · United States
1188
+17
🇨🇴 Muisca · Colombia
1205
-17
General Ganja
6:10 Loom
9:26 Feudal Age
20:38 Castle Age
20:59 Bloodlines
21:01 Forging
20:57 Scale Barding Armor
23:14 Double-Bit Axe
32:26 Horse Collar
37:15 Wheelbarrow
41:18 Imperial Age
38:45 Light Cavalry
39:25 Husbandry
40:51 Hand Cart
41:31 Heavy Rocket Cart
42:34 Hussar
43:35 Chain Barding Armor
43:51 Iron Casting
43:09 Treadmill Crane
43:35 Siege Engineers
43:40 Masonry
46:36 Architecture
48:06 Fletching
49:17 Blast Furnace
48:52 Plate Barding Armor
50:34 Thunderclap Bombs
54:46 Fletching
56:13 Chemistry
55:09 Murder Holes
55:12 Gold Mining
55:12 Stone Mining
55:33 Bow Saw
55:24 Heavy Plow
56:02 Bodkin Arrow
59:37 Capped Ram
60:03 Siege Ram
64:07 Guilds
63:58 Guard Tower
63:54 Arrowslits
64:11 Bracer
Chaac1706
6:01 Loom
8:48 Feudal Age
10:18 Champi Runner
15:47 Wheelbarrow
14:57 Town Watch
15:05 Double-Bit Axe
16:22 Wheelbarrow
17:06 Town Watch
21:40 Castle Age
19:59 Scale Mail Armor
20:10 Forging
20:17 Horse Collar
21:17 Gold Mining
21:55 Champi Warrior
23:19 Squires
29:19 Bow Saw
28:37 Pikeman
31:28 Crossbowman
33:38 Thumb Ring
33:31 Fletching
33:41 Padded Archer Armor
35:26 Town Patrol
36:15 Ballistics
37:45 Hand Cart
38:37 Gold Shaft Mining
38:04 Heavy Plow
40:53 Imperial Age
41:21 Fletching
41:32 Padded Archer Armor
42:15 Conscription
41:33 Arbalester
42:26 Bodkin Arrow
43:15 Huaracas
43:25 Bracer
44:19 Siege Engineers
58:09 Iron Casting
57:49 Chain Mail Armor
57:50 Leather Archer Armor
58:53 Murder Holes
59:59 Chemistry
59:10 Elite Champi Warrior
71:44 Hoardings
Connection lost

Rejoining the realm…

Still unreachable

The connection could not be restored.

Session expired

The server has moved on; the page needs a fresh start.